 Dungeon Crawl Stone Soup version 0.28-a0-1518-gbe868bca14 (webtiles) character file.

Game seed: 13533168745646419843

70 Essalna the Firebug (level 4, 30/30 HPs)
             Began as a Demonspawn Fire Elementalist on Jan 17, 2022.
             Got out of the dungeon alive.
             The game lasted 00:03:11 (2277 turns).

Essalna the Firebug (Demonspawn Fire Elementalist)  Turns: 2277, Time: 00:03:12

Health: 30/30      AC:  2    Str:  8    XL:     4   Next: 3%
Magic:  7/7        EV: 12    Int: 18    God:
Gold:   83         SH:  0    Dex: 14    Spells: 6/7 levels left

rFire   . . .      SeeInvis .   g - +2 dagger (protect)
rCold   . . .      Faith    .   (no shield)
rNeg    . . .      Spirit   .   a - +0 robe
rPois   .          Reflect  .   (helmet restricted)
rElec   .          Harm     .   (no cloak)
rCorr   .          Rampage  .   (no gloves)
Will    .....                   (no boots)
Stlth   ++........              f - amulet of magic regeneration
HPRegen 0.10/turn               n - +4 ring of slaying
MPRegen 0.50/turn               (no ring)

@: no status effects
A: horns 1, spiny 1
a: no special abilities


You escaped.
You visited 1 branch of the dungeon, and saw 2 of its levels.

You collected 83 gold pieces.

Inventory:

Hand Weapons
 d - a +0 dagger
 g - a +2 dagger of protection (weapon)
Armour
 a - a +0 robe (worn)
 h - a +0 helmet
Magical Staves
 o - a staff of air
Jewellery
 f - an amulet of magic regeneration (around neck)
 n - a +4 ring of slaying (left hand)
Scrolls
 b - a scroll of immolation {unknown}
 c - a scroll of torment {unknown}
 e - a scroll of enchant armour {unknown}
 j - a scroll of fear {unknown}
 k - a scroll of acquirement {unknown}
Potions
 i - a potion of resistance {unknown}
 l - a potion of invisibility {unknown}
 m - a potion of curing {unknown}


   Skills:
 - Level 1.7 Dodging
 - Level 1.7 Stealth
 - Level 2.0 Spellcasting
 + Level 2.8 Conjurations
 + Level 3.6 Fire Magic


You had 6 spell levels left.
You knew the following spells:

 Your Spells              Type           Power      Damage    Failure   Level
a - Foxfire               Conj/Fire      52%        2x1d6     4%          1

Your spell library contained the following spells:

 Spells                   Type           Power      Damage    Failure   Level
 Scorch                   Fire           30%        2d6       6%          2
 Conjure Flame            Conj/Fire      13%        6-21      14%         3
 Inner Flame              Hex/Fire       8%         N/A       26%         3
 Flame Wave               Conj/Fire      13%        2d5       43%         4
 Frozen Ramparts          Ice            2%         1d2       47%         3
 Ice Form                 Ice/Tmut       1%         N/A       87%         4
 Summon Ice Beast         Ice/Summ       1%         N/A       87%         4


Dungeon Overview and Level Annotations

Branches:
Dungeon (2/15)

Altars:
Makhleb


Innate Abilities, Weirdness & Mutations

You have a pair of small horns on your head.
You are partially covered in sharp spines.


Message History

A pair of horns grows on your head!
Your +0 helmet falls away!
Unknown command.
Unknown command.
Your foxfire dissipates! x3
Key pressed, stopping explore.
Key pressed, stopping explore.
A hobgoblin comes into view.
A hobgoblin is nearby!
The hobgoblin shouts!
The hobgoblin hits you but does no damage.
The hobgoblin misses you. The hobgoblin hits you.
The hobgoblin hits you but does no damage.
The hobgoblin is struck by your spines. The hobgoblin barely misses you.
The hobgoblin is struck by your spines.
You kill the hobgoblin!
Unknown command.
There is a stone staircase leading up here.
You climb upwards.
There is a stone staircase leading down here.
You see here a ball python skeleton.
There is an open door here.
The vine stalker shouts!
The formicid shouts!
The octopode shouts!
The tengu shouts!
The merfolk shouts!
The elf shouts!
The ogre shouts!
The kobold shouts!
The demonspawn shouts!
The minotaur bellows!
The naga shouts!
The felid hisses angrily.
The dwarf shouts!
The draconian roars!
There is an open door here.
There is a staircase leading out of the dungeon here.
Are you sure you want to leave the Dungeon?
This will make you lose the game!
You have escaped!

###############
####p#T#.#N#(#6#K#
#..###############
#@.'..............
#..###############
####d#g#h#9#H#p#O#
############### #.
#. #. #. ##


There were no monsters in sight!

Vanquished Creatures
  2 adders (D:2)
  2 dart slugs (D:1)
  4 ball pythons
  An endoplasm (D:2)
  3 giant cockroaches
  5 hobgoblins
  3 jackals (D:2)
  10 kobolds
  2 quokkas
  6 bats
  2 goblins (D:1)
  3 rats
43 creatures vanquished.

Vanquished Creatures (others)
  143 foxfires
143 creatures vanquished.

Grand Total: 186 creatures vanquished

Notes
Turn   | Place    | Note
-------+----------+-------------------------------------------
     0 | D:1      | Essalna the Demonspawn Fire Elementalist began the quest
                  | for the Orb.
     0 | D:1      | Reached XP level 1. HP: 13/13 MP: 3/3
     2 | D:1      | Noticed a human
     2 | D:1      | Noticed a draconian
     4 | D:1      | Noticed a troll
     4 | D:1      | Noticed a dwarf
     6 | D:1      | Noticed a felid
     8 | D:1      | Noticed a naga
     8 | D:1      | Noticed a gargoyle
    10 | D:1      | Noticed a minotaur
    12 | D:1      | Noticed a demonspawn
    12 | D:1      | Noticed a demigod
    14 | D:1      | Noticed an ogre
    16 | D:1      | Noticed an elf
    16 | D:1      | Noticed a ghoul
    21 | D:1      | Noticed a vampire
    21 | D:1      | Noticed a merfolk
    23 | D:1      | Noticed an octopode
    23 | D:1      | Noticed a tengu
    25 | D:1      | Noticed a formicid
    25 | D:1      | Noticed a spriggan
    27 | D:1      | Noticed a vine stalker
   309 | D:1      | Reached skill level 3 in Fire Magic
   366 | D:1      | Gained mutation: You are partially covered in sharp spines.
                  | [demonic ancestry]
   366 | D:1      | Reached XP level 2. HP: 8/19 MP: 3/5
  1160 | D:1      | Reached XP level 3. HP: 21/24 MP: 6/6
  1398 | D:1      | Found a faded altar of an unknown god.
  1879 | D:2      | Found a burning altar of Makhleb.
  2124 | D:2      | Gained mutation: You have a pair of small horns on your
                  | head. [demonic ancestry]
  2124 | D:2      | Reached XP level 4. HP: 30/30 MP: 5/7
  2277 | D:$      | Got out of the dungeon alive.

Illustrated notes

Levels and vault maps discovered:
D:1:      kb_arrival_jail, layout_loops_ring,
          hellmonk_ecumenical_altar_leap_of_faith
D:2:      layout_basic, basic_altar, minmay_misc_feat_room, minmay_pentomino_u2

Skill      XL: |  1  2 |
---------------+-------+-----
Fire Magic     | 3 |  3.6
Conjurations   | 2 |  2.8
Dodging        | |  1.7
Stealth        | |  1.7
Spellcasting   | |  2.0

Action                   |  1- 3 |  4- 6 || total
-------------------------+-------+-------++-------
Melee: Dagger            |    35 |       ||    35
       Unarmed           |     1 |       ||     1
 Cast: Foxfire           |    87 |       ||    87
 Stab: Sleeping          |     1 |       ||     1
Armor: Robe              |    12 |     2 ||    14
Dodge: Dodged            |    27 |     2 ||    29

Table legend: (Time is in decaauts)
 A = Elapsed time spent in this place.
 B = Non-inter-level travel time spent in this place.
 C = Inter-level travel time spent in this place.
 D = Time resting spent in this place.
 E = Time spent auto-exploring this place.
 F = Levels seen in this place.
 G = Mean time per level.
                   A        B        C        D        E       F      G
               +--------+--------+--------+--------+--------+-----+--------+
         Total |   2275 |   2138 |    137 |      0 |   1814 |   2 | 1137.5 |
       Dungeon |   2275 |   2138 |    137 |      0 |   1814 |   2 | 1137.5 |
               +--------+--------+--------+--------+--------+-----+--------+

Top non-repeatable levels by time:
     D:1: 1493 daAuts
     D:2: 782 daAuts
